 Dungeon Crawl Stone Soup version 0.28-a0-1080-g05a166d0ed (webtiles) character file.

Game seed: 12926891083494372502

3618 mainiacjoe the Fighter (level 10, -5/111 HPs)
             Began as an Ogre Conjurer on Dec 10, 2021.
             Was a Priest of Okawaru.
             Slain by a killer bee (8 damage)
             ... on level 8 of the Dungeon.
             The game lasted 00:29:17 (10289 turns).

mainiacjoe the Fighter (Ogre Conjurer)             Turns: 10289, Time: 00:29:18

Health: -5/111     AC:  4    Str: 13    XL:     10   Next: 11%
Magic:  2/16       EV: 11    Int: 23    God:    Okawaru [***...]
Gold:   518        SH:  5    Dex:  7    Spells: 3/17 levels left

rFire   + . .      SeeInvis +   b - +2 war axe (vamp)
rCold   . . .      Faith    .   (no shield)
rNeg    . . .      Spirit   .   i - +0 robe
rPois   .          Reflect  +   (helmet restricted)
rElec   .          Harm     .   x - +0 cloak
rCorr   .          Rampage  .   (gloves unavailable)
Will    +....                   (boots unavailable)
Stlth   +++.......              y - amulet of reflection
HPRegen 0.28/turn               A - ring of protection from fire
MPRegen 0.15/turn               M - ring of see invisible

@: lethally poisoned (-5 -> -15), heroic, very slightly contaminated
A: large, unfitting armour, tough skin 1
a: Renounce Religion, Heroism


You were on level 8 of the Dungeon.
You worshipped Okawaru.
Okawaru was most pleased with you.
You visited 2 branches of the dungeon, and saw 9 of its levels.
You also visited: Ossuary.

You collected 518 gold pieces.

Inventory:

Hand Weapons
 a - a +1 spectral quarterstaff
 b - a +2 vampiric war axe (weapon)
 c - a +0 short sword
 e - a +0 hand axe
 m - a +2 flail of holy wrath
 t - a +0 quarterstaff
 w - a +0 hunting sling
Missiles
 f - 95 arrows
 g - 44 bolts
 o - 26 poisoned darts (quivered)
 v - 208 stones
 F - 4 atropa-tipped darts {=F}
 I - a curare-tipped dart {=F}
 J - 3 silver boomerangs
 L - a throwing net {=F}
 Q - 7 sling bullets
Armour
 i - a +0 robe (worn)
 x - a +0 cloak (worn)
Magical Staves
 B - a staff of fire
Jewellery
 y - an amulet of reflection (around neck)
 A - a ring of protection from fire (left hand)
 D - a ring of fire
 M - a ring of see invisible (right hand)
Wands
 n - a wand of iceblast (11)
 C - a wand of acid (7)
Scrolls
 j - a scroll of fear {unknown}
 r - a scroll of vulnerability
 u - a scroll of fog {unknown}
 z - a scroll of amnesia {unknown}
 G - 4 scrolls of immolation
 H - a scroll of teleportation {unknown}
 N - a scroll of acquirement {unknown}
 P - a scroll of magic mapping {unknown}
Potions
 d - 2 potions of invisibility
 h - a potion of cancellation
 k - 4 potions of lignification
 l - 6 potions of curing
 p - 4 potions of haste
 q - a potion of attraction {unknown}
 s - 4 potions of mutation
 E - 2 potions of degeneration {unknown}
 K - a potion of heal wounds {unknown}
 O - a potion of experience {unknown}


   Skills:
 + Level 10.8(15.8) Fighting
 - Level 2.0(7.0) Throwing
 - Level 1.7(6.7) Dodging
 - Level 1.4(6.4) Stealth
 - Level 4.0 Spellcasting
 - Level 8.0 Conjurations
 - Level 2.0 Hexes
 - Level 1.0 Translocations
 + Level 7.6 Invocations


You had 3 spell levels left.
You knew the following spells:

 Your Spells              Type           Power      Damage    Failure   Level
a - Magic Dart            Conj           100%       1d8       1%          1
b - Searing Ray           Conj           82%        2d7       1%          2
c - Dazzling Flash        Conj/Hex       54%        N/A       4%          3
d - Fulminant Prism       Conj/Hex       13%        3d9       13%         4
z - Iskenderun's Mystic   Conj/Tloc      25%        2d7       16%         4

Your spell library contained the following spells:

 Spells                   Type           Power      Damage    Failure   Level
 Apportation              Tloc           18%        N/A       7%          1
 Mephitic Cloud           Conj/Pois/Air  16%        N/A       11%         3
 Ignite Poison            Fire/Tmut/Pois 4%         N/A       30%         3
 Freezing Cloud           Conj/Ice/Air   8%         6-21      69%         5
 Petrify                  Tmut/Erth      4%         N/A       71%         4
 Agony                    Necr           4%         N/A       96%         5
 Alistair's Intoxication  Tmut/Pois      2%         N/A       96%         5
 Borgnjor's Vile Clutch   Necr/Erth      2%         N/A       96%         5
 Lee's Rapid Deconstruct  Erth           2%         3d5*      96%         5
 Eringya's Noxious Bog    Tmut/Pois      2%         N/A       100%        6
 Animate Skeleton         Necr           Unusable   N/A       N/A         1
 Summon Small Mammal      Summ           Unusable   N/A       N/A         1
 Death Channel            Necr           Unusable   N/A       N/A         6

Dungeon Overview and Level Annotations

Branches:
Dungeon (8/15)             Temple (1/1) D:4         Ossuary (visited)
   Lair: D:8-11

Altars:
Ashenzari
Cheibriados
Elyvilon
Gozag
Hepliaklqana
Kikubaaqudgha
Makhleb
Nemelex Xobeh
Okawaru
Qazlal
Ru
Sif Muna
Trog
Uskayaw
Vehumet
Wu Jian
Xom
Zin

Shops:
D:2 :

Annotations:
D:3 Sigmund


Innate Abilities, Weirdness & Mutations

You are too large for most types of armour.
You have tough skin. (AC +1)


Message History

You block the killer bee's attack.
The killer bee stings you but does no damage.
Unknown command.
Okay, then.
Casting: Dazzling Flash (mildly dangerous; 4% risk of failure)
Confirm with . or Enter, or press ? or * to list all spells.
You miscast Iskenderun's Mystic Blast.
You are very lightly contaminated with residual magic.
Nothing appears to happen.
You block the killer bee's attack. The killer bee stings you.
* * * LOW HITPOINT WARNING * * *
The killer bee barely misses you. The killer bee closely misses you.
The killer bee barely misses you. The killer bee closely misses you.
Okay, then.
An orc comes into view. It is wielding a +0 mace.
You block the killer bee's attack. x2
An orc comes into view. It is wielding a +0 club.
The killer bee barely misses you. The killer bee stings you.
* * * LOW HITPOINT WARNING * * *
The killer bee barely misses you.
The killer bee stings you but does no damage.
The killer bee stings you.
* * * LOW HITPOINT WARNING * * *
You are poisoned.
The killer bee poisons you!
You feel very sick.
The killer bee is no longer blind.
You feel sick. The killer bee stings you.
* * * LOW HITPOINT WARNING * * *
You are lethally poisoned!
The killer bee poisons you! The killer bee misses you.
* * * LOW HITPOINT WARNING * * *
You feel very sick. You block the killer bee's attack.
The killer bee stings you but does no damage.
* * * LOW HITPOINT WARNING * * *
You feel very sick. The killer bee stings you!
You die...

#.........)).....<...
#............).......
#.......)..(.........
#....................
#.....).....(........
##...................
##...y.##..(......?.
##...y.#..o.(........
##...@y.............
#..........o........
#...................
#.............)....
#.........>.......
#................
#...............Y
##...............
.... ##.....#..>..#
#...


You could see 3 killer bees and 2 orcs.

Vanquished Creatures
  Harold (D:7)
  2 yaks
  Menkaure (D:7)
  2 water moccasins
  An orc warrior (D:4)
  A necrophage (D:6)
  A black bear (D:4)
  A sky beast (D:6)
  An ice beast (D:7)
  2 ogres
  A bullfrog (D:8)
  2 kobold brigands
  3 elf zombies (Ossuary)
  2 scorpions (D:5)
  3 killer bees (D:8)
  A howler monkey (D:8)
  6 centaur zombies
  5 hounds
  A bullfrog zombie (D:6)
  2 orc priests (D:6)
  A centaur skeleton (D:7)
  2 iguanas
  Natasha (thrice) (D:3)
  4 orc wizards
  A scorpion zombie (D:4)
  A killer bee zombie (D:6)
  2 mummies (Ossuary)
  Robin (D:2)
  11 gnolls
  9 adders
  A shadow imp (D:6)
  2 white imps (D:6)
  An ufetubus (D:4)
  An adder skeleton (D:4)
  An adder zombie (D:5)
  2 worms (D:2)
  2 dart slugs
  15 orcs
  4 bats
  5 endoplasms
  4 giant cockroaches
  14 goblins
  17 hobgoblins
  14 kobolds
  7 quokkas
  7 ball pythons
  3 frilled lizards
  A goblin zombie (Ossuary)
  5 hobgoblin zombies (Ossuary)
  2 jackal zombies (Ossuary)
  11 kobold zombies (Ossuary)
  11 orc zombies (Ossuary)
  4 rats
  2 rat zombies (Ossuary)
210 creatures vanquished.

Vanquished Creatures (others)
  A kobold (D:6)
  8 fulminant prisms
9 creatures vanquished.

Grand Total: 219 creatures vanquished

Notes
Turn   | Place    | Note
-------+----------+-------------------------------------------
     0 | D:1      | mainiacjoe the Ogre Conjurer began the quest for the Orb.
     0 | D:1      | Reached XP level 1. HP: 16/16 MP: 3/3
   188 | D:1      | Reached XP level 2. HP: 21/24 MP: 1/5
   216 | D:1      | Learned a level 2 spell: Searing Ray
   894 | D:1      | Reached XP level 3. HP: 31/31 MP: 1/6
   898 | D:1      | Learned a level 3 spell: Dazzling Flash
  1501 | D:2      | Found a faded altar of an unknown god.
  1760 | D:2      | Noticed Robin
  1940 | D:2      | Reached skill level 5 in Conjurations
  1940 | D:2      | Reached XP level 4. HP: 39/39 MP: 3/7
  1942 | D:2      | Reached skill level 1 in Hexes
  2125 | D:2      | Found Kobaesu's Book Emporium.
  2303 | D:2      | Killed Robin
  2605 | D:2      | Reached XP level 5. HP: 45/45 MP: 4/9
  3136 | D:3      | Found a snail-covered altar of Cheibriados.
  3289 | D:3      | Noticed Sigmund
  3312 | D:3      | Reached skill level 1 in Fighting
  3335 | D:3      | Noticed an ogre
  3389 | D:3      | Found a hide-covered altar of Uskayaw.
  3552 | D:3      | Noticed Natasha
  3557 | D:3      | Killed Natasha
  3567 | D:3      | Noticed Natasha
  3630 | D:3      | Killed Natasha
  3631 | D:3      | Reached skill level 2 in Fighting
  3769 | D:3      | Noticed Natasha
  3773 | D:3      | Killed Natasha
  3774 | D:3      | Reached XP level 6. HP: 59/59 MP: 5/10
  3835 | D:3      | Reached skill level 3 in Fighting
  4050 | D:4      | Found a staircase to the Ecumenical Temple.
  4059 | Temple   | Entered the Ecumenical Temple
  4233 | Temple   | Became a worshipper of Warmaster Okawaru
  4274 | D:4      | Noticed an orc warrior
  4299 | D:4      | Killed an orc warrior
  4300 | D:4      | Reached skill level 4 in Fighting
  4300 | D:4      | Reached XP level 7. HP: 71/71 MP: 2/11
  4437 | D:4      | Reached skill level 5 in Fighting
  4596 | D:4      | Learned a level 4 spell: Fulminant Prism
  5203 | D:4      | Found a white marble altar of Elyvilon.
  5221 | D:4      | Reached * piety under Okawaru
  5649 | D:5      | Entered Level 5 of the Dungeon
  5658 | D:4      | Reached skill level 6 in Fighting
  5658 | D:4      | Reached skill level 1 in Invocations
  5731 | D:5      | Reached XP level 8. HP: 73/84 MP: 3/12
  5885 | D:5      | Reached skill level 7 in Fighting
  6011 | D:5      | Reached ** piety under Okawaru
  6012 | D:5      | Reached skill level 1 in Throwing
  6012 | D:5      | Reached skill level 1 in Translocations
  6735 | D:6      | Found a hazy altar of Hepliaklqana.
  7500 | D:6      | Reached skill level 8 in Fighting
  7693 | D:6      | Learned a level 4 spell: Iskenderun's Mystic Blast
  7776 | D:6      | Reached XP level 9. HP: 85/96 MP: 4/14
  8286 | D:7      | Noticed Menkaure
  8319 | D:7      | Killed Menkaure
  8320 | D:7      | Reached skill level 5 in Invocations
  8324 | D:7      | Noticed Harold
  8655 | D:7      | Killed Harold
  8655 | D:7      | Reached *** piety under Okawaru
  8656 | D:7      | Reached skill level 9 in Fighting
  8726 | D:7      | Found a sand-covered staircase.
  9014 | Ossuary  | Entered an ossuary
  9831 | D:8      | Got the Reference Book on Earth and Sinister Rites
  9839 | D:8      | Reached skill level 10 in Fighting
  9863 | D:7      | Reached XP level 10. HP: 59/111 MP: 7/16
 10274 | D:8      | Reached **** piety under Okawaru
 10289 | D:8      | HP: 3/111 [poisoned by a killer bee]
 10289 | D:8      | Slain by a killer bee

Illustrated notes

Levels and vault maps discovered:
D:1:      evilmike_arrival_hilbert_curve, layout_loops_ring,
          kennysheep_small_spiral, minmay_pentomino_o2
D:2:      layout_loops_ring, basic_ecumenical_altar, serial_shops,
          nicolae_shop_window_shopping, minivault_14, chequers_garden,
          kennysheep_generic_room_5, uniq_robin
D:3:      layout_rooms, kennysheep_slug_shrine, amcnicky_altar_gilded,
          kennysheep_generic_room_14, uniq_natasha, uniq_sigmund
D:4:      layout_loops_ring, elyvilon_altar_1, minmay_temple_entry_tees
D:5:      layout_rooms, grunt_ministairs_6, kennysheep_small_circle
D:6:      layout_basic, mainiacjoe_overflow_brackets
D:7:      layout_cave_pools, lightli_ossuary_entry_decrepit_ruins,
          uniq_menkaure, uniq_harold
D:8:      layout_rooms, uniq_gastronok
Temple:   eino_narrow_crystal_temple

Skill      XL: |  1  2  3  4  5  6  7  8  9 |
---------------+----------------------------+-----
Conjurations   | 4 5 6 7 8 |  8.0
Hexes          | 1 2 |  2.0
Spellcasting   | 3 4 |  4.0
Fighting       | 2 4 6 8 10 | 10.8
Invocations    | 1 4 7 |  7.6
Throwing       | 2 |  2.0
Translocations | 1 |  1.0
Dodging        | |  1.7
Stealth        | |  1.4

Action                   |  1- 3 |  4- 6 |  7- 9 | 10-12 || total
-------------------------+-------+-------+-------+-------++-------
Melee: Unarmed           |     4 |       |       |       ||     4
       Hand axe          |     3 |       |       |       ||     3
       Quarterstaff      |    21 |    14 |   140 |    16 ||   191
       War axe           |       |       |     2 |     3 ||     5
 Fire: Hunting sling     |       |       |    37 |       ||    37
Throw: Stone             |    13 |    11 |       |       ||    24
       Dart              |       |     2 |    41 |    19 ||    62
 Cast: Magic Dart        |    54 |    65 |    76 |     9 ||   204
       Searing Ray       |     5 |    12 |    33 |     1 ||    51
       Dazzling Flash    |     1 |       |     4 |     1 ||     6
       Fulminant Prism   |       |       |     7 |     1 ||     8
       Iskenderun's Myst |       |       |     1 |       ||     1
Invok: Heroism           |       |       |     1 |     1 ||     2
Evoke: Wand              |       |       |     4 |       ||     4
  Use: Scroll            |       |     4 |     3 |       ||     7
       Potion            |       |       |     1 |     1 ||     2
 Stab: Sleeping          |       |       |     1 |       ||     1
Armor: Robe              |     8 |     7 |    51 |    21 ||    87
Dodge: Dodged            |    21 |    17 |    45 |    42 ||   125
Block: Other             |       |       |    27 |    18 ||    45
       Reflection        |       |       |       |     1 ||     1

Table legend: (Time is in decaauts)
 A = Elapsed time spent in this place.
 B = Non-inter-level travel time spent in this place.
 C = Inter-level travel time spent in this place.
 D = Time resting spent in this place.
 E = Time spent auto-exploring this place.
 F = Levels seen in this place.
 G = Mean time per level.
                   A        B        C        D        E       F      G
               +--------+--------+--------+--------+--------+-----+--------+
         Total |  10358 |   9914 |    444 |   2029 |   6214 |  10 | 1035.8 |
       Dungeon |   9624 |   9194 |    430 |   1924 |   5866 |   8 | 1203.0 |
        Temple |    297 |    283 |     14 |    105 |    162 |   1 |  297.0 |
       Ossuary |    437 |    437 |      0 |      0 |    186 |   1 |  437.0 |
               +--------+--------+--------+--------+--------+-----+--------+

Top non-repeatable levels by time:
     D:6: 1988 daAuts
     D:1: 1865 daAuts
     D:4: 1501 daAuts
     D:2: 1294 daAuts
     D:7: 964 daAuts
     D:5: 865 daAuts
     D:3: 777 daAuts
 Ossuary: 437 daAuts
     D:8: 369 daAuts
  Temple: 297 daAuts
